 Dungeon Crawl Stone Soup version 0.21-a0-460-g737a915 (webtiles) character file.

11097 slep the Carver (level 11, -1/84 HPs)
             Began as a Demonspawn Monk on Nov 21, 2017.
             Was a High Priest of Okawaru.
             Slain by a troll (8 damage)
             ... on level 2 of the Orcish Mines.
             The game lasted 01:14:40 (11693 turns).

slep the Carver (Demonspawn Monk)                  Turns: 11693, Time: 01:14:41

Health: -1/84      AC: 11    Str: 12    XL:     11   Next: 44%
Magic:  0/11       EV: 15    Int: 13    God:    Okawaru [*****.]
Gold:   656        SH:  0    Dex: 19    Spells: 10/10 levels left

rFire    + . .     SeeInvis .   M - +3 flail (venom)
rCold    . . .     Gourm    .   (no shield)
rNeg     + . .     Faith    .   d - +0 ring mail
rPois    .         Spirit   +   (helmet restricted)
rElec    .         Reflect  .   F - +0 cloak
rCorr    .         Harm     .   p - +0 pair of gloves
MR       .....                  b - +1 pair of boots
Stlth    +++.......             (no amulet)
HPRegen  0.24/turn              X - ring of protection from fire
MPRegen  0.24/turn              Y - ring of positive energy

@: hasted, very quick
A: horns 2, thin skeletal structure 1, magic shield, magic regeneration
a: Heroism, Finesse, Renounce Religion


You were on level 2 of the Orcish Mines.
You worshipped Okawaru.
Okawaru was extremely pleased with you.
You were not hungry.

You visited 4 branches of the dungeon, and saw 14 of its levels.
You also visited: Ossuary.

You collected 698 gold pieces.
You spent 42 gold pieces at shops.

Inventory:

Hand Weapons
 n - the +9 scimitar "Ereecs" {freeze, Int+5}
   (You found it on level 6 of the Dungeon)

   It has been specially enchanted to freeze those struck by it, causing extra
   injury to most foes and up to half again as much damage against particularly
   susceptible opponents.
   It can also slow down cold-blooded creatures.
   It affects your intelligence (+5).
 M - a +3 flail of venom (weapon)
 V - a +4 scimitar of flaming
Missiles
 h - 33 poisoned needles
 q - 2 tomahawks (quivered)
 G - 8 silver javelins
Armour
 b - a +1 pair of boots (worn)
 d - a +0 ring mail (worn)
 f - the +1 robe of Ragech {rPois MR+ SInv}
   (You found it on level 6 of the Dungeon)

   It protects you from poison.
   It affects your resistance to hostile enchantments.
   It lets you see invisible.
 p - a +0 pair of gloves (worn)
 F - a +0 cloak (worn)
Jewellery
 m - an uncursed ring of teleportation
 X - a ring of protection from fire (left hand)
 Y - a ring of positive energy (right hand)
Wands
 g - a wand of scattershot (3)
 u - a wand of clouds (6)
 Z - a wand of disintegration (13)
Scrolls
 v - 8 scrolls of identify
 y - 6 scrolls of teleportation
 A - 2 scrolls of blinking
 I - a scroll of enchant weapon
 O - a scroll of brand weapon {unknown}
 P - a scroll of fear {unknown}
 T - 3 scrolls of remove curse
Potions
 e - 2 potions of flight
 o - 2 potions of resistance
 w - a potion of mutation {unknown}
 C - 2 potions of agility {unknown}
 H - 2 potions of lignification {unknown}
 J - a potion of haste
 Q - 2 potions of brilliance {unknown}
 R - a potion of might {unknown}
 S - 3 potions of curing
Books
 r - a book of Maledictions

   Spells                             Type                      Level
   a - Corona                         Hexes                        1
   b - Ensorcelled Hibernation        Hexes/Ice                    2
   c - Confuse                        Hexes                        3
   d - Tukima's Dance                 Hexes                        3
   e - Dazzling Spray                 Conjuration/Hexes            3
 t - a book of Minor Magic

   Spells                             Type                      Level
   a - Magic Dart                     Conjuration                  1
   b - Blink                          Translocation                2
   c - Call Imp                       Summoning                    2
   d - Slow                           Hexes                        2
   e - Conjure Flame                  Conjuration/Fire             3
   f - Mephitic Cloud                 Conjuration/Poison/Air       3
Comestibles
 a - 3 chunks of flesh
 c - 5 bread rations
 i - 9 royal jellies
 x - 5 meat rations
 B - 10 fruits


   Skills:
 + Level 7.3 Fighting
 + Level 10.2 Long Blades
 + Level 6.0 Maces & Flails
 + Level 0.3 Throwing
 + Level 6.9 Armour
 + Level 6.2 Dodging
 + Level 5.9 Stealth


You had 10 spell levels left.
You didn't know any spells.

Dungeon Overview and Level Annotations

Branches:
Dungeon (10/15)            Temple (1/1) D:5            Lair (1/6) D:10
    Orc (2/2) D:10
    Elf: Orc:2

Altars:
Ashenzari
Cheibriados
Fedhas
Gozag
Hepliaklqana
Kikubaaqudgha
Nemelex Xobeh
Okawaru
Qazlal
Ru
Sif Muna
Trog
Uskayaw
Vehumet
Wu Jian
Xom
The Shining One
Beogh

Shops:
D:8 [   Orc:1 ?

Annotations:
Lair:1 Grum


Innate Abilities, Weirdness & Mutations

You have a pair of horns on your head.
You have a somewhat thin skeletal structure. (Dex +2, Stealth)
When hurt, damage is shared between your health and your magic reserves.
You regenerate magic rapidly.


Message History

The troll closely misses you. The troll claws you but does no damage.
The troll claws you!
* * * LOW HITPOINT WARNING * * *
You feel yourself speed up. The troll bites you but does no damage.
The troll claws you but does no damage. The troll misses you.
Unknown command.
You closely miss the troll. You headbutt the troll.
The troll is heavily wounded.
You hit the troll.
The troll looks even sicker.
The troll is heavily wounded.
The troll bites you!
* * * LOW HITPOINT WARNING * * *
The troll barely misses you. The troll claws you.
* * * LOW HITPOINT WARNING * * *
You sock the troll!
The troll is severely wounded.
The troll closely misses you. The troll claws you.
* * * LOW HITPOINT WARNING * * *
The troll claws you!
You die...

...#.# ...#..<###
###. ...#......##
..#.. ...........#
......
...#.......##......
..$.#..............
#..................
#......T<$........
#.....@#.........$
..........)........
..........#.....##.
..$................
...................
...................
...........†.......
..#...........##$..
.................


You could see a troll.

Vanquished Creatures
  Erica (D:9)
  An unseen horror (D:10)
  Joseph (D:7)
  The ghost of isock the Cleaver, a novice GnWn (D:5)
  A komodo dragon (D:10)
  A queen bee (D:8)
  A hippogriff (D:9)
  Prince Ribbit (D:9)
  The ghost of DogShitOnMyToe the Cudgeler, an amateur GrGl (Ossuary)
  10 yaks
  A hungry ghost (D:9)
  Menkaure (D:6)
  A warg (D:10)
  9 orc warriors
  6 ice beasts
  A black bear (D:10)
  2 phantoms
  The ghost of slep the Skirmisher, an amateur DsMo (D:3)
  A sky beast (D:10)
  11 ogres
  A centaur (D:10)
  3 wolves
  3 bullfrogs
  3 scorpions
  15 killer bees (D:8)
  7 howler monkeys
  9 crimson imps
  A centaur zombie (D:9)
  A bullfrog zombie (D:10)
  2 quasits
  6 hounds
  11 orc priests
  2 bullfrog skeletons
  3 jellies
  Crazy Yiuf (D:3)
  10 orc wizards
  2 iguanas (D:9)
  8 worker ants
  A howler monkey zombie (D:9)
  2 worker ant zombies (D:10)
  14 adders
  13 gnolls
  A shadow imp (D:6)
  3 oozes
  2 adder skeletons
  An adder zombie (D:7)
  A worm (D:2)
  2 dart slugs
  5 leopard geckos
  55 orcs
  4 giant cockroaches
  3 gnoll zombies
  7 goblins
  4 hobgoblins (D:1)
  19 jackals
  9 kobolds
  5 quokkas
  7 bats
  4 frilled lizards
  4 gnoll skeletons (Ossuary)
  2 goblin skeletons (Ossuary)
  4 goblin zombies (Ossuary)
  3 hobgoblin skeletons (Ossuary)
  4 hobgoblin zombies
  3 kobold skeletons (Ossuary)
  3 kobold zombies (Ossuary)
  3 orc skeletons (Ossuary)
  2 orc zombies (Ossuary)
  9 rats
  2 rat zombies (Ossuary)
  A plant (D:10)
343 creatures vanquished.

Vanquished Creatures (others)
  4 mummies (Ossuary)
  A gnoll skeleton (Ossuary)
  A goblin zombie (Ossuary)
  2 hobgoblin skeletons (Ossuary)
  2 hobgoblin zombies (Ossuary)
  2 kobold skeletons (Ossuary)
  2 kobold zombies (Ossuary)
  3 orc skeletons (Ossuary)
  2 orc zombies (Ossuary)
  2 rat skeletons (Ossuary)
  2 rat zombies (Ossuary)
  A fungus (Lair:1)
  2 plants (D:10)
26 creatures vanquished.

Grand Total: 369 creatures vanquished

Notes
Turn   | Place    | Note
-------+----------+-------------------------------------------
     0 | D:1      | slep the Demonspawn Monk began the quest for the Orb.
     0 | D:1      | Reached XP level 1. HP: 18/18 MP: 1/1
    74 | D:1      | Reached skill level 3 in Long Blades
    74 | D:1      | Gained mutation: When hurt, damage is shared between your health and your magic reserves. [demonic ancestry]
    74 | D:1      | Reached XP level 2. HP: 15/24 MP: 2/2
   325 | D:1      | Gained mutation: You have a pair of small horns on your head. [demonic ancestry]
   325 | D:1      | Reached XP level 3. HP: 24/29 MP: 1/3
   626 | D:2      | Gained mutation: You regenerate magic rapidly. [demonic ancestry]
   626 | D:2      | Reached XP level 4. HP: 27/35 MP: 4/4
   933 | D:3      | Noticed slep's ghost (amateur DsMo)
   933 | D:3      | Reached skill level 4 in Long Blades
   933 | D:3      | Reached skill level 1 in Armour
   933 | D:3      | Gained mutation: You have a somewhat thin skeletal structure. (Dex +2, Stealth) [demonic ancestry]
   933 | D:3      | Reached XP level 5. HP: 16/41 MP: 2/5
   942 | D:3      | Found an opulent altar of Gozag.
   944 | D:4      | Found a transporter.
   962 | D:4      | Noticed an ice beast
   962 | D:4      | Noticed an ice beast
   962 | D:4      | Noticed an ice beast
   968 | D:4      | Noticed a phantom
   968 | D:4      | Noticed an ogre
   982 | D:5      | Entered Level 5 of the Dungeon
   984 | D:5      | Found a blossoming altar of Fedhas.
  1218 | D:5      | Noticed isock's ghost (novice GnWn)
  1387 | D:6      | Reached XP level 6. HP: 36/48 MP: 6/6
  1417 | D:6      | Got a shimmering scimitar
  1521 | D:6      | Noticed Menkaure
  1527 | D:6      | Got a tattered robe
  1539 | D:5      | HP: 2/48 [orc priest/nerve-wracking pain (5)]
  1544 | D:5      | HP: 2/48 [crimson imp (1)]
  1601 | D:3      | Identified the +9 scimitar "Ereecs" {freeze, Int+5} (You found it on level 6 of the Dungeon)
  1831 | D:3      | Killed slep's ghost
  2073 | D:3      | Found a runed door.
  2108 | D:4      | Reached skill level 5 in Long Blades
  2228 | D:4      | Reached XP level 7. HP: 42/54 MP: 5/7
  2741 | D:5      | Found a staircase to the Ecumenical Temple.
  2750 | Temple   | Entered the Ecumenical Temple
  2771 | Temple   | Became a worshipper of Warmaster Okawaru
  2771 | Temple   | Reached * piety under Okawaru
  2771 | Temple   | Reached ** piety under Okawaru
  2843 | D:5      | Reached skill level 6 in Long Blades
  2914 | D:4      | Reached XP level 8. HP: 47/61 MP: 8/8
  3099 | D:3      | Noticed Crazy Yiuf
  3102 | D:3      | Killed Crazy Yiuf
  3120 | D:3      | Identified the +1 robe of Ragech {rPois MR+ SInv} (You found it on level 6 of the Dungeon)
  3265 | D:2      | Found a hazy altar of Hepliaklqana.
  3271 | D:2      | Found a sparkling altar of Nemelex Xobeh.
  3277 | D:2      | Found a shimmering altar of Xom.
  3476 | D:2      | Found a snail-covered altar of Cheibriados.
  3479 | D:2      | Found a blossoming altar of Fedhas.
  3480 | D:2      | Found a glowing golden altar of the Shining One.
  3480 | D:2      | Found a hide-covered altar of Uskayaw.
  3878 | D:4      | Found a shattered altar of Ashenzari.
  3944 | D:4      | Found a transporter.
  4256 | D:5      | Reached skill level 7 in Long Blades
  4265 | D:5      | Killed isock's ghost
  4265 | D:5      | Reached *** piety under Okawaru
  4265 | D:5      | Reached skill level 5 in Fighting
  4595 | D:6      | Killed Menkaure
  4595 | D:6      | Received a gift from Okawaru
  4595 | D:6      | Reached XP level 9. HP: 68/68 MP: 9/9
  4867 | D:7      | Reached skill level 8 in Long Blades
  5322 | D:7      | Noticed Joseph
  5342 | D:7      | Killed Joseph
  5342 | D:7      | Reached skill level 5 in Armour
  5342 | D:7      | Reached skill level 5 in Stealth
  5732 | D:8      | Found Vugapt's Armour Emporium.
  5874 | D:8      | Found a sand-covered staircase.
  5884 | Ossuary  | Entered an ossuary
  5905 | Ossuary  | Noticed DogShitOnMyToe's ghost (amateur GrGl)
  5925 | Ossuary  | Killed DogShitOnMyToe's ghost
  5925 | Ossuary  | Reached **** piety under Okawaru
  5925 | Ossuary  | Reached skill level 9 in Long Blades
  6456 | D:8      | Reached skill level 1 in Maces & Flails
  6482 | D:8      | Found a sparkling altar of Nemelex Xobeh.
  6594 | D:8      | Noticed a queen bee
  6635 | D:8      | Gained mutation: You have a pair of horns on your head. [demonic ancestry]
  6635 | D:8      | Reached XP level 10. HP: 60/76 MP: 10/10
  6661 | D:8      | Reached skill level 5 in Dodging
  6813 | D:9      | Noticed Erica
  6840 | D:9      | Killed Erica
  7174 | D:9      | Noticed Prince Ribbit
  7191 | D:9      | Killed Prince Ribbit
  7191 | D:9      | Reached skill level 10 in Long Blades
  7685 | D:9      | Reached ***** piety under Okawaru
  8198 | D:9      | Found a roughly hewn altar of Beogh.
  8634 | D:10     | Entered Level 10 of the Dungeon
  8641 | D:10     | Reached XP level 11. HP: 83/83 MP: 11/11
  8725 | D:10     | Found a staircase to the Lair.
  9185 | D:10     | Killed an unseen horror
  9185 | D:10     | Reached skill level 5 in Maces & Flails
  9431 | D:10     | HP: 3/84 [warg (4)]
  9846 | D:10     | Found a staircase to the Orcish Mines.
 10272 | Orc:1    | Entered Level 1 of the Orcish Mines
 10667 | Orc:1    | Found Xintebla's Magic Scroll Boutique.
 10691 | Orc:1    | Bought a scroll of teleportation for 42 gold pieces
 10920 | Lair:1   | Entered Level 1 of the Lair of Beasts
 10956 | Lair:1   | Noticed Grum
 11299 | Orc:2    | Entered Level 2 of the Orcish Mines
 11693 | Orc:2    | Slain by a troll

Vault maps used:
D:1:      matt_arrival_grand_opening, minmay_pentomino_r4
D:2:      grunt_temple_overflow_open, minmay_overflow_temple_star_quad
D:3:      lemuel_crystal_altar, uniq_crazy_yiuf_cottage
D:4:      gammafunk_cloud_chamber, kennysheep_little_box
D:5:      minmay_temple_entry_poolview, first_bread, basic_altar,
          hangedman_decor_peaks_small
D:6:      uniq_menkaure
D:7:      uniq_joseph
D:8:      enter_ossuary_3, serial_shops, shop, david_nohive_1,
          nemelex_dance_club_becter
D:9:      special_room, uniq_prince_ribbit1, uniq_erica
D:10:     david_lair_shrubbed, david_orc_3
Temple:   nicolae_temple_god_jail
Lair:1:   cheibrodos_lair_river_kwai, lab_entry_generic,
          kennysheep_snail_temple, grunt_megastairs_3,
          infiniplex_staircase_pool, uniq_grum
Orc:1:    serial_shops, shop, nooodl_orcs_dogs
Orc:2:    st_orc_ogre_mass, serial_shops, nicolae_shop_behind_doors
Ossuary:  ossuary_due_pyramid

Skill      XL: |  1  2  3  4  5  6  7  8  9 10 11 |
---------------+----------------------------------+-----
Long Blades    | 3 4 5 6 7 9 10 | 10.2
Dodging        | 3 4 5 6 |  6.2
Stealth        | 2 3 4 5 |  5.9
Armour         | 1 3 4 5 6 |  6.9
Fighting       | 4 5 6 7 |  7.3
Maces & Flails | 2 4 6 |  6.0
Throwing       | |  0.3

Action                   |  1- 3 |  4- 6 |  7- 9 | 10-12 || total
-------------------------+-------+-------+-------+-------++-------
Melee: Falchion          |    99 |    50 |       |       ||   149
       Headbutt          |     3 |    39 |    60 |   114 ||   216
       Long sword        |       |   122 |       |       ||   122
       Scimitar          |       |    33 |   227 |   108 ||   368
       Flail             |       |       |    60 |   335 ||   395
Throw: Tomahawk          |       |       |     4 |     3 ||     7
  Use: Potion            |       |     8 |     4 |     6 ||    18
       Scroll            |       |     5 |       |     5 ||    10
 Stab: Sleeping          |     3 |     5 |    12 |     9 ||    29
       Invisible         |       |     1 |       |       ||     1
       Distracted        |       |       |     1 |     2 ||     3
  Eat: Chunk             |       |     5 |    12 |    18 ||    35
       Fruit             |       |       |     1 |       ||     1
Armor: Ring mail         |    32 |    88 |    99 |   164 ||   383
       Robe              |     1 |       |       |       ||     1
Dodge: Dodged            |    65 |   148 |   170 |   385 ||   768
       Rpst.: Falchion   |    20 |     3 |       |       ||    23
       Long sword        |       |    38 |       |       ||    38
       Scimitar          |       |     4 |    57 |    19 ||    80

Table legend:
 A = Spawn XP
 B = Non-spawn XP
 C = Spawn XP percentage of total XP
 D = Spawn monster count
 E = Non-spawn monster count
 F = Spawn count percentage of total count
 G = Total turns spent on level
                    A         B        C        D         E        F      G
               +---------+---------+-------+---------+---------+-------+---------
         Total |       0 |   15854 |   0.0 |       0 |     334 |   0.0 | 11693
               +---------+---------+-------+---------+---------+-------+---------
           D:1 |       0 |      51 |   0.0 |       0 |      25 |   0.0 |   565
           D:2 |       0 |     135 |   0.0 |       0 |      25 |   0.0 |   740
           D:3 |       0 |     302 |   0.0 |       0 |      21 |   0.0 |   844
           D:4 |       0 |     864 |   0.0 |       0 |      26 |   0.0 |   895
           D:5 |       0 |     987 |   0.0 |       0 |      24 |   0.0 |  1122
           D:6 |       0 |     601 |   0.0 |       0 |      17 |   0.0 |   630
           D:7 |       0 |    1195 |   0.0 |       0 |      21 |   0.0 |   834
           D:8 |       0 |    2025 |   0.0 |       0 |      34 |   0.0 |  1059
           D:9 |       0 |    4450 |   0.0 |       0 |      59 |   0.0 |  1872
          D:10 |       0 |    4085 |   0.0 |       0 |      41 |   0.0 |  1807
        Lair:1 |       0 |     111 |   0.0 |       0 |       1 |   0.0 |    54
         Orc:1 |       0 |     750 |   0.0 |       0 |      14 |   0.0 |   715
         Orc:2 |       0 |      44 |   0.0 |       0 |       2 |   0.0 |    40
       Ossuary |       0 |     254 |   0.0 |       0 |      24 |   0.0 |   478
               +---------+---------+-------+---------+---------+-------+---------
